 Dungeon Crawl Stone Soup version 0.31.0-32-g396128a36d (webtiles) character file.

Game seed: 13758742667269467493

68 booth the Chopper (level 4, 0/34 HPs)
             Began as a Demonspawn Gladiator on Apr 19, 2024.
             Succumbed to an orc wizard's poison
             ... on level 3 of the Dungeon.
             The game lasted 00:07:16 (1167 turns).

booth the Chopper (Demonspawn Gladiator)            Turns: 1167, Time: 00:07:16

Health: 0/34       AC:  6    Str: 15    XL:     4   Next: 1%
Magic:  4/4        EV: 16    Int: 10    God:
Gold:   73         SH:  0    Dex: 14    Spells: 3/3 levels left

rFire   . . .        a - +0 war axe
rCold   . . .        (no shield)
rNeg    + . .        g - +0 ring mail
rPois   .            c - +0 helmet
rElec   .            (no cloak)
rCorr   .            (no gloves)
SInv    .            (no boots)
Will    .....        (no amulet) Stlth
                     i - +5 ring of evasion
HPRegen 0.25/turn    l - ring of positive energy
MPRegen 0.18/turn

%: no passive effects
@: confused, lethally poisoned (0 -> -4), invisible
A: claws 1, hooves 1, magic regeneration
a: no special abilities


You were on level 3 of the Dungeon.
You visited 1 branch of the dungeon, and saw 4 of its levels.

You collected 73 gold pieces.

Inventory:

Hand Weapons
 a - a +0 war axe (weapon)
Missiles
 d - 3 throwing nets (quivered)
 e - a javelin
Armour
 c - a +0 helmet (worn)
 g - a +0 ring mail (worn)
Jewellery
 i - a +5 ring of evasion (left claw)
 l - a ring of positive energy (right claw)
 p - a ring of protection from cold
Scrolls
 b - a scroll of teleportation {unknown}
 h - a scroll of fear {unknown}
Potions
 f - a potion of haste
 j - a potion of mutation {unknown}
 k - 2 potions of magic {unknown}
 m - a potion of enlightenment {unknown}
 n - a potion of degeneration {unknown}


   Skills:
 + Level 2.7 Fighting
 * Level 3.5 Axes
 + Level 2.4 Throwing
 - Level 2.8 Dodging


You had 3 spell levels left.
You didn't know any spells.
Your spell library was empty.

Dungeon Overview and Level Annotations

Branches:
Dungeon (4/15)
 Temple: D:4-7

Altars:

Annotations:
D:1 2 runed translucent doors


Innate Abilities, Weirdness & Mutations

You have sharp fingernails.
You have large cloven feet.
You regenerate magic rapidly.


Message History

You are confused.
Something tries to affect you, but you resist.
You have reached level 4!
You feel stronger.
Your demonic ancestry asserts itself...
Your magic begins to regenerate rapidly.
Things that are here:
a +0 flail; a +0 heavy mace; a +0 ring mail You hear some strange, mumbled words.
A magic dart appears from out of thin air!
The magic dart hits you!
You closely miss something. Something completely misses you.
You're too confused to move!
Something hits you.
You are poisoned.
You bump into the rock wall.
* * * LOW HITPOINT WARNING * * *
You feel very sick. Something hits you.
* * * LOW HITPOINT WARNING * * *
It was a potion of cancellation.
Your magical effects are unravelling.
You feel magically purged.
You feel less confused.
* * * LOW HITPOINT WARNING * * *
You feel sick.
You hear some strange, mumbled words.
You are confused.
It was a potion of invisibility.
You fade into invisibility!
* * * LOW HITPOINT WARNING * * *
You feel sick.
You hear some strange, mumbled words.
Something tries to affect you, but you resist.
You bump into the rock wall.
* * * LOW HITPOINT WARNING * * *
You feel sick.
You hear some strange, mumbled words.
A magic dart appears from out of thin air!
The magic dart hits you but does no damage.
You closely miss something.
You die...

## #.. .. ... . ##
... #. +.###
#..#####.### ... #
#.......# #{# .
###.### #@# #
##.....###)# .# #
#..#+#..##.##...##
#######.##
##.##........
##..#...#
#...########
##....### ###..#
##...## ##.#
.....# #.# .....#
#.#


There were no monsters in sight!

Vanquished Creatures
  A hound (D:3)
  A dart slug (D:4)
  2 orcs (D:3)
  3 endoplasms
  A giant cockroach (D:2)
  2 goblins
  3 hobgoblins (D:1)
  2 jackals (D:2)
  2 kobolds (D:1)
  2 quokkas (D:1)
  6 ball pythons (D:1)
  4 bats
  2 frilled lizards (D:1)
  5 rats (D:1)
36 creatures vanquished.

Notes
Turn   | Place    | Note
-------+----------+-------------------------------------------
     0 | D:1      | booth the Demonspawn Gladiator began the quest for the Orb.
     0 | D:1      | Reached XP level 1. HP: 16/16 MP: 1/1
    63 | D:1      | Found a large runed translucent door.
    63 | D:1      | Found a large runed translucent door.
    68 | D:1      | Noticed an ogre
    69 | D:1      | Noticed an ogre
    69 | D:1      | Noticed an ogre
    70 | D:1      | Noticed an ogre
   140 | D:1      | Discovered your monstrous ancestry.
   140 | D:1      | Gained mutation: You have large cloven feet. [demonic
                  | ancestry]
   140 | D:1      | Reached XP level 2. HP: 22/22 MP: 2/2
   279 | D:1      | Reached skill level 3 in Axes
   957 | D:2      | Gained mutation: You have sharp fingernails. [demonic
                  | ancestry]
   957 | D:2      | Reached XP level 3. HP: 28/28 MP: 3/3
  1041 | D:2      | You fall into a shaft and drop 2 floors!
  1159 | D:3      | Gained mutation: You regenerate magic rapidly. [demonic
                  | ancestry]
  1159 | D:3      | Reached XP level 4. HP: 26/34 MP: 4/4
  1167 | D:3      | Succumbed to an orc wizard's poison

Illustrated notes

Levels and vault maps discovered:
D:1:      erik_arrival_cave_to_civilisation [erik_arrival_cave_to_temple],
          layout_loops_ring
D:2:      layout_loops_corners, ebering_ecumenical_altar_box, corner_web_ring,
          minmay_misc_feat_iff, minmay_octomino_j4
D:3:      cheibrodos_greedy_goblins, layout_basic, serial_shops,
          nicolae_shop_rolling_square, serial_park_tiny_2
D:4:      layout_basic, kennysheep_slug_shrine, minmay_temple_entry_nine_rooms

Skill      XL: |  1  2 |
---------------+-------+-----
Throwing       | 2 |  2.4
Axes           | 3 |  3.5
Fighting       | |  2.7
Dodging        | |  2.8

Action                     |  1- 3 |  4- 6 || total
---------------------------+-------+-------++-------
  Melee: War axe           |    68 |     2 ||    70
         Kick              |     8 |       ||     8
    Use: Scroll            |     1 |       ||     1
         Potion            |       |     2 ||     2
 Armour: Leather armour    |     4 |       ||     4
         Ring mail         |    30 |     4 ||    34
  Dodge: Dodged            |    66 |     1 ||    67
